cohdb
Replays
Latest Replays
All Replays
Popular Replays
Top Player Replays
Match Explorer
How It Works
Community
CoH3 Stats
Reddit
Sign in to upload your games and track your stats! →
Sign in with Steam
Match 41623469
Unlisted
Match 41623469
Overview
Messages
Build Orders
End
Kradschützen Motorcycle Team
Selects Armored Support Battlegroup
Panzergrenadier Squad
Panzergrenadier Squad
Panzergrenadier Squad
Construct Light Support Kompanie
Selects Veteran Gunners
2.5-tonne Medical Truck
MG34 Team
Fire Support Elements
Selects Salvage Kits
Panzerjäger Mechanized Group
Selects Panzer Storm
Veteran Squad Leaders
Flakvierling Half-track
Construct Panzerarmee Kommand
Pak 38 Mechanized Group
Panzer III L Medium Tank
Selects Flammpanzer III Medium Tank
Selects Stuka Anti-tank Loiter
Panzer III L Medium Tank
Panzergrenadier Squad
Stuka Anti-tank Loiter
Panzer III L Medium Tank
Selects Flammpanzer III Medium Tank
Vehicle Survival Package
Tungsten Core Ammunition
Panzer Storm
Panzer III L Medium Tank
Selects Command Panzer IV F Medium Tank
Advanced Field Repairs
Rapid Advance
BIOHAZARD
Sauzer88
geitje1
8th booster shot
0
0
Comments
sign in to comment!
No comments posted yet!